 Dungeon Crawl Stone Soup version 0.21-a0-2-ge494091 (webtiles) character file.

1389 JeffiDaFish the Skirmisher (level 8, -18/81 HPs)
             Began as a Troll Fighter on May 22, 2017.
             Demolished by an ogre
             ... wielding a +0 giant club
              (26 damage)
             ... on level 6 of the Dungeon.
             The game lasted 00:08:25 (5091 turns).

JeffiDaFish the Skirmisher (Troll Fighter)          Turns: 5091, Time: 00:08:25

Health: -18/81     AC:  5    Str: 32    XL:     8   Next: 40%
Magic:  7/7        EV: 10    Int:  4    God:
Gold:   237        SH: 11    Dex: 11    Spells: 7/7 levels left

rFire    + . .     SeeInvis .   a - +1 flail
rCold    . . .     Gourm    +   c - +1 shield
rNeg     . . .     Faith    .   b - +0 robe
rPois    .         Spirit   .   (helmet restricted)
rElec    .         Reflect  .   (no cloak)
rCorr    .         Harm     .   (gloves unavailable)
MR       .....                  (boots unavailable)
Stlth    +.........             (no amulet)
Regen    0.7/turn               h - ring of protection from fire
MPRegen  0.1/turn               n - +2 ring of strength

@: mighty
A: unfitting armour, claws 3, deterioration 1, fast metabolism 3, gourmand,
regeneration 1, shaggy fur 1, tough skin 2, wild magic 1
a: no special abilities


You were on level 6 of the Dungeon.
You were completely stuffed.

You visited 2 branches of the dungeon, and saw 7 of its levels.

You collected 237 gold pieces.

Inventory:

Hand Weapons
 a - a +1 flail (weapon)
Armour
 b - a +0 robe (worn)
 c - a +1 shield (worn)
Jewellery
 h - a ring of protection from fire (left claw)
 k - an uncursed ring of flight
 l - an uncursed ring of resist corrosion
 n - a +2 ring of strength (right claw)
Scrolls
 e - 2 scrolls of identify
 i - a scroll of remove curse
 o - 2 scrolls of teleportation
 p - a scroll of magic mapping
 s - a scroll of recharging
Potions
 q - a potion of brilliance
Comestibles
 f - 5 bread rations
 g - 4 meat rations
 j - 6 royal jellies
 m - 3 fruits
 r - 2 chunks of flesh


   Skills:
 * Level 5.6 Fighting
 + Level 3.9 Maces & Flails
 * Level 5.6 Dodging
 + Level 4.2 Shields


You had 7 spell levels left.
You didn't know any spells.

Dungeon Overview and Level Annotations

Branches:
Dungeon (6/15)             Temple (1/1) D:5

Altars:
Ashenzari
Cheibriados
Elyvilon
Fedhas
Gozag
Kikubaaqudgha
Nemelex Xobeh
Okawaru
Qazlal
Ru
Sif Muna
Uskayaw
Vehumet
Wu Jian
Xom
Yredelemnul
Zin
The Shining One


Innate Abilities, Weirdness & Mutations

You are too large for most types of armour.
You have claws for hands.
Your metabolism is lightning-fast.
You like to eat raw meat.
Your natural rate of healing is unusually fast.
You are covered in fur. (AC +1)
You have very tough skin. (AC +2)
Your body sometimes deteriorates upon taking damage.
Your spells are a little harder to cast, but a little more powerful.


Message History

The bullfrog hits you.
* * * LOW HITPOINT WARNING * * *
You hit the bullfrog.
The bullfrog is moderately wounded.
You block the bullfrog's attack. x2
You closely miss the bullfrog.
The bullfrog is moderately wounded.
You block the bullfrog's attack. The bullfrog barely misses you.
An orc comes into view. It is wielding a mace.
The orc shouts!
You sock the bullfrog!
You kill the bullfrog!
You feel very mighty all of a sudden. The ogre hits you with a giant club!
* * * LOW HITPOINT WARNING * * *
The howler monkey hoots and howls with incredible vigour!
You bludgeon the ogre!!
The ogre is almost dead.
The ogre hits you with a giant club!!
You die...

.....................#
.........O...........#
.............h.......#####
.....########............#
.....# #...hZ...###.#
######
####o#....<#.#######
#a#.....#.#.....#
#O#####.#.#.###.# #@#
#รท#.#.# #.# #.# #.#.#.#
#.# #.#####.....# #.#
#.......#.### #.#
#######.#.# #.#
#.#.#####.# #.#.......#
#.#######.# #.# ###


You could see an ogre, a howler monkey, a worker ant, an orc and a bullfrog
skeleton.

Vanquished Creatures
  The ghost of astralcataclysm the Chucker, an amateur TrWn of Gozag (D:4)
  A phantom (D:4)
  2 centaurs (D:5)
  A gnoll sergeant (D:5)
  4 bullfrogs
  A scorpion (D:4)
  A howler monkey (D:6)
  A hound (D:5)
  A bullfrog skeleton (D:5)
  A centaur skeleton (D:4)
  2 orc wizards (D:4)
  An iguana (D:4)
  3 worker ants
  A hound zombie (D:5)
  5 gnolls (D:5)
  12 adders
  An adder skeleton (D:4)
  An adder zombie (D:5)
  A dart slug (D:2)
  5 worms
  6 leopard geckos
  2 orcs (D:4)
  4 ball pythons
  4 giant cockroaches
  6 hobgoblins
  4 jackals (D:4)
  9 kobolds
  5 quokkas
  3 bats (D:2)
  2 frilled lizards (D:2)
  7 goblins
  6 rats
104 creatures vanquished.

Notes
Turn   | Place    | Note
-------+----------+-------------------------------------------
     0 | D:1      | JeffiDaFish the Troll Fighter began the quest for the Orb.
     0 | D:1      | Reached XP level 1. HP: 22/22 MP: 0/0
   182 | D:1      | Reached XP level 2. HP: 29/29 MP: 1/1
   956 | D:2      | Reached XP level 3. HP: 17/36 MP: 2/2
  1053 | D:2      | Found a hide-covered altar of Uskayaw.
  1067 | D:2      | Gained mutation: Your body sometimes deteriorates upon taking damage. [potion of mutation]
  1067 | D:2      | Gained mutation: Your spells are a little harder to cast, but a little more powerful. [potion of mutation]
  1232 | D:2      | Found an ornate altar of the Wu Jian Council.
  1441 | D:2      | Reached XP level 4. HP: 31/45 MP: 3/3
  1727 | D:3      | Lost intelligence.
  1822 | D:3      | Found a shimmering altar of Xom.
  1938 | D:3      | Found a blossoming altar of Fedhas.
  2085 | D:3      | Found a basalt altar of Yredelemnul.
  2091 | D:3      | Reached XP level 5. HP: 49/53 MP: 4/4
  2396 | D:4      | Noticed astralcataclysm's ghost (amateur TrWn)
  2408 | D:4      | Killed astralcataclysm's ghost
  2408 | D:4      | Reached XP level 6. HP: 53/62 MP: 5/5
  2645 | D:4      | Reached XP level 7. HP: 62/71 MP: 6/6
  3549 | D:4      | Found an iron altar of Okawaru.
  3565 | D:5      | Entered Level 5 of the Dungeon
  3832 | D:5      | Found a staircase to the Ecumenical Temple.
  3839 | Temple   | Entered the Ecumenical Temple
  4081 | D:5      | Found a glowing golden altar of the Shining One.
  4117 | D:5      | Reached skill level 5 in Fighting
  4163 | D:5      | Reached skill level 5 in Dodging
  4484 | D:5      | Reached XP level 8. HP: 72/80 MP: 7/7
  4512 | D:5      | Found a shattered altar of Ashenzari.
  5091 | D:6      | Demolished by an ogre

Vault maps used:
D:1:      enne_arrival_octagon_isle
D:2:      eat_drink_and_be_merry_uskayaw, lemuel_round_altar,
          hangedman_decor_clover_reticule, kennysheep_generic_room_10
D:3:      lemuel_round_altar, yredelemnul_altar_generic, lemuel_round_altar,
          first_bread
D:4:      kennysheep_mini_moat
D:5:      nicolae_ashenzari_panopticon, nicolae_tso_carved_into_rock,
          grunt_decor_fettered
D:6:      grunt_dithmenos_smoke, serial_shops, shop_fountains,
          nicolae_shop_temple_entry_statues_fountains, shop, shop, shop
Temple:   chequers_temple_sunken

Skill      XL: |  1  2  3  4  5  6  7 |
---------------+----------------------+-----
Maces & Flails | 2 3 |  3.9
Fighting       | 3 4 5 |  5.6
Dodging        | 3 4 5 |  5.6
Shields        | 3 4 |  4.2

Action                   |  1- 3 |  4- 6 |  7- 9 || total
-------------------------+-------+-------+-------++-------
Melee: Flail             |   135 |   135 |   191 ||   461
  Use: Scroll            |     8 |     4 |     3 ||    15
       Potion            |     8 |     2 |     2 ||    12
  Eat: Chunk             |    14 |    17 |    24 ||    55
Armor: Robe              |    48 |    34 |    59 ||   141
Dodge: Dodged            |    50 |    42 |   111 ||   203
Block: Shield            |    83 |    74 |   136 ||   293
